 Dungeon Crawl Stone Soup version 0.26-a0-613-g4f23886233 (webtiles) character file.

Game seed: 16688020417779863602

35 Hores the Digger (level 3, -2/19 HPs)
             Began as a Gargoyle Earth Elementalist on Sept 11, 2020.
             Slain by a scorpion (5 damage)
             ... on level 2 of the Dungeon.
             The game lasted 00:03:41 (1490 turns).

Hores the Digger (Gargoyle Earth Elementalist)      Turns: 1490, Time: 00:03:42

Health: -2/19      AC:  5    Str: 11    XL:     3   Next: 33%
Magic:  0/7        EV: 12    Int: 16    God:
Gold:   68         SH:  0    Dex: 10    Spells: 3/7 levels left

rFire    . . .     SeeInvis .   i - +0 short sword
rCold    . . .     Faith    .   (no shield)
rNeg     + . .     Spirit   .   c - +0 robe
rPois    ∞         Reflect  .   (no helmet)
rElec    +         Harm     .   (no cloak)
rCorr    .                      (no gloves)
MR       .....                  (no boots)
Stlth    ++........             (no amulet)
HPRegen  0.06/turn              (no ring)
MPRegen  0.10/turn              (no ring)

@: flying, very slightly contaminated
A: negative energy resistance 1, electricity resistance, unbreathing,
petrification resistance, rot immunity, AC +3
a: no special abilities


You were on level 2 of the Dungeon.
You visited 1 branch of the dungeon, and saw 2 of its levels.

You collected 68 gold pieces.

Inventory:

Hand Weapons
 i - a +0 short sword (weapon)
Missiles
 b - 37 stones (quivered)
Armour
 c - a +0 robe (worn)
Scrolls
 a - 2 scrolls of teleportation {unknown}
 d - 3 scrolls of identify {unknown}
 h - a scroll of magic mapping {unknown}
Potions
 f - a potion of flight


   Skills:
 - Level 1.5 Dodging
 - Level 2.1 Stealth
 + Level 2.7 Spellcasting
 + Level 0.4 Conjurations
   Level 0.7 Transmutations
 + Level 4.4 Earth Magic


You had 3 spell levels left.
You knew the following spells:

 Your Spells              Type           Power        Failure   Level
a - Sandblast             Erth           ###...       3%          1
b - Stone Arrow           Conj/Erth      ##....       22%         3

Your spell library contained the following spells:

 Spells                   Type           Power        Failure   Level
 Passwall                 Tmut/Erth      ##......     10%         2
 Petrify                  Tmut/Erth      ##......     54%         4
 Lee's Rapid Deconstruct  Erth           ###.......   65%         5


Dungeon Overview and Level Annotations

Branches:
Dungeon (2/15)

Altars:


Innate Abilities, Weirdness & Mutations

You are resistant to torment.
Your stone body is resilient. (AC +3)
You are immune to poison.
You resist negative energy. (rN+)
You are resistant to electric shocks. (rElec)
You can survive without breathing.
You are immune to petrification.
You are immune to rotting.


Message History

Press: ? - help, Shift-Dir - straight line, f/p - scorpion
Aim: a scorpion (severely wounded)
The blast of sand hits the scorpion.
The scorpion is severely wounded.
b - 37 stones The scorpion barely misses you.
Unknown command.
Casting: Sandblast (safe; 3% risk of failure)
Confirm with . or Enter, or press ? or * to list all spells.
Aiming: Sandblast (safe; 3% risk of failure)
Press: ? - help, Shift-Dir - straight line, f/p - scorpion
Aim: a scorpion (severely wounded)
You miscast Sandblast.
You are very lightly contaminated with residual magic.
Nothing appears to happen.
The scorpion stings you!
* * * LOW HITPOINT WARNING * * *
It was a potion of flight.
You feel very buoyant.
You fly up into the air.
The scorpion stings you.
You die...

###.# ##########
....# #........#
.##.#######.######.#
.##.........# #[#
....######### #.#
..############ ###.#
..# #...)...###...##
..# #............).#
..## #........##@##.#
...# #........##s##.#
...# #........##.##.#
.#.# #........##.##.#
##.# #........##.##.#
##.########.#.......#
...>..# #.####.####
##.##.# #.# #.# ##...
#####.####.#


You could see a scorpion.

Vanquished Creatures
  A dart slug (D:2)
  3 leopard geckos
  4 bats (D:1)
  5 giant cockroaches
  5 goblins
  3 kobolds (D:1)
  3 frilled lizards (D:1)
  2 rats
26 creatures vanquished.

Notes
Turn   | Place    | Note
-------+----------+-------------------------------------------
     0 | D:1      | Hores the Gargoyle Earth Elementalist began the quest for
                  | the Orb.
     0 | D:1      | Reached XP level 1. HP: 10/10 MP: 3/3
   139 | D:1      | Reached XP level 2. HP: 12/15 MP: 0/5
   207 | D:1      | Reached skill level 4 in Earth Magic
  1033 | D:1      | Reached XP level 3. HP: 13/19 MP: 6/6
  1206 | D:1      | Learned a level 3 spell: Stone Arrow
  1461 | D:2      | Noticed a scorpion
  1490 | D:2      | Slain by a scorpion

Illustrated notes

Levels and vault maps discovered:
D:1:      dpeg_arrival_shrine, layout_basic
D:2:      layout_loops_cross

Skill      XL: |  1  2 |
---------------+-------+-----
Earth Magic    | 4 |  4.4
Dodging        | |  1.5
Stealth        | |  2.1
Spellcasting   | |  2.7
Conjurations   | |  0.4
Transmutations | |  0.7

Action                   || total
-------------------------++-------
Melee: Unarmed           ||    10
       Club              ||    47
       Dagger            ||    35
       Short sword       ||    28
 Cast: Sandblast         ||    20
  Use: Potion            ||     1
 Stab: Sleeping          ||     3
Armor: Robe              ||    58
Dodge: Dodged            ||   100

Table legend: (Time is in decaauts)
 A = Elapsed time spent in this place.
 B = Non-inter-level travel time spent in this place.
 C = Inter-level travel time spent in this place.
 D = Time resting spent in this place.
 E = Time spent auto-exploring this place.
 F = Levels seen in this place.
 G = Mean time per level.
                   A        B        C        D        E       F      G
               +--------+--------+--------+--------+--------+-----+--------+
         Total |   1505 |   1479 |     26 |    261 |    904 |   2 |  752.5 |
       Dungeon |   1505 |   1479 |     26 |    261 |    904 |   2 |  752.5 |
               +--------+--------+--------+--------+--------+-----+--------+

Top non-repeatable levels by time:
     D:1: 1258 daAuts
     D:2: 247 daAuts
